AoeStats
← Gjallarhorn

Four Lakes

507234624Analyzed
1v1 RM · 14d ago on Sep 17, 2026· 36m 59s· 2 players
Game mode
Random Map
Map size
Tiny (2 player)
Population
200
Speed
Normal
Resources
Standard
Victory
Conquest
Starting age
Dark Age
Ending age
Imperial Age
RankedLock teamsTeams togetherTeam positionsShared explorationLock speedFull tech treeHidden civsTurbo modeCheats
Victory
Defeat
🇩🇪 Chinese · Germany
709
+13
🇨🇳 Chinese · China
635
-20
1428651756
9:12 Loom
11:26 Feudal Age
11:50 Horse Collar
13:07 Man-at-Arms
15:35 Gold Mining
19:20 Padded Archer Armor
19:21 Scale Mail Armor
20:46 Fletching
24:45 Scale Barding Armor
27:09 Bloodlines
31:42 Castle Age
30:07 Stone Mining
32:27 Husbandry
32:45 Forging
32:44 Elite Skirmisher
35:21 Iron Casting
Gjallarhorn
1:26 Loom
9:32 Feudal Age
10:52 Double-Bit Axe
11:37 Horse Collar
21:03 Castle Age
25:10 Crossbowman
25:57 Thumb Ring
26:00 Town Watch
26:51 Fletching
27:02 Padded Archer Armor
28:48 Wheelbarrow
31:26 Ballistics
32:32 Bodkin Arrow
34:30 Gold Mining
35:04 Leather Archer Armor
Connection lost

Rejoining the realm…

Still unreachable

The connection could not be restored.

Session expired

The server has moved on; the page needs a fresh start.